 Dungeon Crawl Stone Soup version 0.28.0-47-ge53b351184 (webtiles) character file.

Game seed: 4393505216902614789

374 issech the Cudgeller (level 6, -2/61 HPs)
             Began as a Troll Monk on Apr 26, 2022.
             Slain by a steam dragon (5 damage)
             ... on level 7 of the Dungeon.
             The game lasted 00:07:49 (2789 turns).

issech the Cudgeller (Troll Monk)                   Turns: 2789, Time: 00:07:49

Health: -2/61      AC:  4    Str: 20    XL:     6   Next: 43%
Magic:  5/5        EV: 11    Int:  6    God:
Gold:   87         SH:  0    Dex: 14    Spells: 5/5 levels left

rFire   . . .      SeeInvis .   l - +1 flail (holy)
rCold   . . .      Faith    .   (no shield)
rNeg    . . .      Spirit   .   b - +0 robe
rPois   .          Reflect  .   (helmet restricted)
rElec   .          Harm     .   (no cloak)
rCorr   .          Rampage  .   (gloves unavailable)
Will    .....                   (boots unavailable)
Stlth   ++........              (no amulet)
HPRegen 1.00/turn               (no ring)
MPRegen 0.09/turn               (no ring)

@: no status effects
A: large, unfitting armour, claws 3, regeneration 1, shaggy fur 1, tough skin 1
a: no special abilities


You were on level 7 of the Dungeon.
You visited 1 branch of the dungeon, and saw 5 of its levels.

You collected 87 gold pieces.

Inventory:

Hand Weapons
 a - a +0 mace
 k - a +3 dagger of freezing
 l - a +1 flail of holy wrath (weapon)
 p - a +0 hunting sling
Missiles
 d - 3 poisoned darts
 e - 80 arrows
 f - 109 stones (quivered)
 s - a boomerang
 t - 12 bolts
Armour
 b - a +0 robe (worn)
Magical Staves
 m - a staff of poison
Scrolls
 c - 4 scrolls of identify {unknown}
 i - a scroll of fear {unknown}
 j - 2 scrolls of acquirement {unknown}
 n - a scroll of amnesia {unknown}
 o - 2 scrolls of vulnerability {unknown}
 q - a scroll of fog {unknown}
Potions
 g - a potion of flight {unknown}
 h - 3 potions of brilliance {unknown}
 r - a potion of curing {unknown}


   Skills:
 + Level 3.2 Fighting
 + Level 2.1 Short Blades
 + Level 3.9 Maces & Flails
 + Level 3.8 Dodging
 + Level 1.6 Stealth


You had 5 spell levels left.
You didn't know any spells.
Your spell library contained the following spells:

 Spells                   Type           Power      Damage    Failure   Level
 Magic Dart               Conj           0%         1d3       45%         1
 Searing Ray              Conj           0%         2d4       58%         2
 Static Discharge         Conj/Air       0%         N/A       58%         2
 Dispel Undead            Necr           0%         3d6       99%         4
 Fulminant Prism          Conj/Hex       0%         3d6       99%         4
 Sticky Flame             Conj/Fire      0%         2d3       99%         4


Dungeon Overview and Level Annotations

Branches:
Dungeon (4/15)
 Temple: D:4-7

Altars:
Cheibriados
Kikubaaqudgha
Ru


Innate Abilities, Weirdness & Mutations

You are too large for most types of armour.
You have claws for hands.
Your natural rate of healing is unusually fast.
You are covered in fur. (AC +1)
You have tough skin. (AC +1)


Message History

You are engulfed in a cloud of scalding steam.
The steam dragon bites you.
The steam dragon claws you but does no damage.
You hit the steam dragon.
The steam dragon is moderately wounded.
You are engulfed in a cloud of scalding steam.
The steam dragon bites you.
The steam dragon claws you but does no damage.
You sock the steam dragon!
The steam dragon is severely wounded.
You are engulfed in a cloud of scalding steam.
* * * LOW HITPOINT WARNING * * *
The steam dragon barely misses you. x2
You closely miss the steam dragon.
The steam dragon is severely wounded.
You are engulfed in a cloud of scalding steam.
The steam dragon bites you.
* * * LOW HITPOINT WARNING * * *
The steam dragon closely misses you.
You closely miss the steam dragon.
The steam dragon is severely wounded.
The steam dragon bites you.
* * * LOW HITPOINT WARNING * * *
The steam dragon claws you.
* * * LOW HITPOINT WARNING * * *
The steam dragon bites you.
* * * LOW HITPOINT WARNING * * *
The steam dragon closely misses you.
You hit the steam dragon.
The steam dragon is almost dead.
The steam dragon bites you but does no damage.
The steam dragon claws you but does no damage.
You hit the steam dragon.
The steam dragon is almost dead.
The steam dragon barely misses you. The steam dragon claws you.
* * * LOW HITPOINT WARNING * * *
You barely miss the steam dragon.
The steam dragon is almost dead.
The steam dragon bites you.
You die...

._.≈# # ...≈#
#. ≈≈≈.# # .#
....#.#
.#...#..
#.#.#.#
#..#.# #.@D#
#...........
#...........
#...........
#...........
............
##...........
#...........


You could see a steam dragon.

Vanquished Creatures
  2 sky beasts
  Natasha (D:3)
  An orc wizard (D:4)
  3 gnolls (D:3)
  4 adders
  4 worms
  2 dart slugs
  4 orcs (D:4)
  5 endoplasms
  A giant cockroach (D:3)
  3 hobgoblins
  8 jackals
  4 kobolds
  2 quokkas
  2 ball pythons
  3 bats
  4 frilled lizards
  8 goblins
  3 rats
64 creatures vanquished.

Notes
Turn   | Place    | Note
-------+----------+-------------------------------------------
     0 | D:1      | issech the Troll Monk began the quest for the Orb.
     0 | D:1      | Reached XP level 1. HP: 22/22 MP: 0/0
     3 | D:1      | Noticed an electric eel
   253 | D:1      | Reached XP level 2. HP: 28/29 MP: 1/1
   842 | D:2      | Reached XP level 3. HP: 34/36 MP: 2/2
  1273 | D:2      | Reached XP level 4. HP: 44/44 MP: 3/3
  1650 | D:3      | Noticed a sky beast
  1668 | D:3      | Killed a sky beast
  1669 | D:3      | Reached skill level 1 in Short Blades
  1669 | D:3      | Reached XP level 5. HP: 17/53 MP: 4/4
  2236 | D:3      | Noticed Natasha
  2244 | D:3      | Killed Natasha
  2416 | D:3      | Found an ancient bone altar of Kikubaaqudgha.
  2523 | D:4      | Noticed a sky beast
  2532 | D:4      | Killed a sky beast
  2533 | D:4      | Reached XP level 6. HP: 27/61 MP: 5/5
  2681 | D:4      | Found a snail-covered altar of Cheibriados.
  2780 | D:4      | You fall into a shaft and drop 3 floors!
  2780 | D:7      | Noticed a steam dragon
  2780 | D:7      | Found a sacrificial altar of Ru.
  2786 | D:7      | HP: 3/61 [steam dragon (2)]
  2789 | D:7      | Slain by a steam dragon

Illustrated notes

Levels and vault maps discovered:
D:1:      arrival_aquarium_a, layout_loops_ring, minmay_statues_item
D:2:      layout_basic
D:3:      layout_basic, mainiacjoe_overflow_alcove_2, minmay_misc_feat_doors,
          lemuel_another_geyser, uniq_natasha
D:4:      layout_loops_ring, cheibrodos_worm_habitat, serial_shops,
          nicolae_shop_stone, eino_curves_04, hangedman_decor_lopped,
          nicolae_take_the_stairs
D:7:      layout_basic, nicolae_wu_jian_glorious_leap,
          nicolae_uskayaw_dance_hall, nicolae_ru_awakened_eye,
          nicolae_concentric_dashed_squares_mild,
          hangedman_abyss_or_decor_passed, minmay_fractal_squares_diagonal_5,
          uniq_duvessa

Skill      XL: |  1  2  3  4  5 |
---------------+----------------+-----
Maces & Flails | 3 |  3.9
Dodging        | 3 |  3.8
Fighting       | 3 |  3.2
Short Blades   | 1 2 |  2.1
Stealth        | |  1.6

Action                   |  1- 3 |  4- 6 || total
-------------------------+-------+-------++-------
Melee: Mace              |    93 |       ||    93
       Dagger            |    17 |    67 ||    84
       Flail             |       |    59 ||    59
Throw: Dart              |     2 |       ||     2
 Stab: Sleeping          |     3 |     2 ||     5
Armor: Robe              |    44 |    43 ||    87
Dodge: Dodged            |    63 |    64 ||   127
